 Dungeon Crawl Stone Soup version 0.26-a0-158-g66bac3cce0 (webtiles) character file.

Game seed: 8060038552784786325

2970 turbopower10k the Thaumaturge (level 9, -2/59 HPs)
             Began as a Gnoll Wanderer on July 2, 2020.
             Was a Believer of Hepliaklqana.
             Killed from afar by a gargoyle (16 damage)
             ... with a stone arrow
             ... on level 7 of the Dungeon.
             The game lasted 00:45:25 (7801 turns).

turbopower10k the Thaumaturge (Gnoll Wanderer)      Turns: 7801, Time: 00:45:26

Health: -2/59      AC:  3    Str: 17    XL:     9   Next: 82%
Magic:  21/21      EV: 14    Int: 15    God:    Hepliaklqana [**....]
Gold:   346        SH:  0    Dex: 15    Spells: 14/25 levels left

rFire    . . .     SeeInvis .   s - +2 short sword (venom)
rCold    . . .     Faith    .   (no shield)
rNeg     . . .     Spirit   .   l - +0 leather armour
rPois    +         Reflect  .   (no helmet)
rElec    .         Harm     .   (no cloak)
rCorr    .                      (no gloves)
MR       .....                  (no boots)
Stlth    +++.......             x - amulet of regeneration
HPRegen  0.59/turn              j - ring of flight
MPRegen  0.17/turn              e - ring of poison resistance

@: no status effects
A: distributed training, reduced essence, fangs 1, strong nose
a: Recall Ancestor, Ancestor Identity, Renounce Religion, Evoke Flight


You were on level 7 of the Dungeon.
You worshipped Hepliaklqana.
Hepliaklqana was pleased with you.
You were not hungry.

You visited 1 branch of the dungeon, and saw 7 of its levels.

You collected 500 gold pieces.
You spent 154 gold pieces at shops.

Inventory:

Hand Weapons
 a - a +0 dagger
 n - a +0 spear
 s - a +2 short sword of venom (weapon)
Missiles
 k - 7 boomerangs (quivered)
Armour
 c - a +0 robe
 l - a +0 leather armour (worn)
Jewellery
 e - a ring of poison resistance (right hand)
 j - a ring of flight (left hand)
 x - an amulet of regeneration (around neck)
Wands
 D - a wand of iceblast (6)
 F - a wand of polymorph (12)
Scrolls
 d - 2 scrolls of random uselessness
 g - 2 scrolls of fear {unknown}
 i - 4 scrolls of identify
 m - a scroll of blinking {unknown}
 o - 5 scrolls of remove curse
 q - 3 scrolls of teleportation
 t - a scroll of fog {unknown}
 w - 4 scrolls of magic mapping {unknown}
 y - 2 scrolls of amnesia {unknown}
 A - a scroll of vulnerability {unknown}
 C - 2 scrolls of enchant armour {unknown}
Potions
 b - a potion of lignification
 h - 2 potions of mutation
 p - 6 potions of curing
 r - 3 potions of brilliance
 u - a potion of degeneration {unknown}
 v - a potion of cancellation {unknown}
 z - 2 potions of heal wounds
 B - a potion of flight {unknown}
 E - a potion of haste {unknown}
 G - a potion of magic {unknown}
Comestibles
 f - 9 rations


   Skills:
 + Level 4.5 Fighting
 + Level 4.5 Short Blades
 + Level 4.5 Long Blades
 + Level 4.5 Axes
 + Level 4.5 Maces & Flails
 + Level 4.5 Polearms
 + Level 4.5 Staves
 + Level 4.5 Slings
 + Level 4.5 Bows
 + Level 4.5 Crossbows
 + Level 4.5 Throwing
 + Level 4.5 Armour
 + Level 4.5 Dodging
 + Level 5.2 Stealth
 + Level 4.5 Shields
 + Level 4.5 Unarmed Combat
 + Level 8.5 Spellcasting
 + Level 5.4 Conjurations
 + Level 4.3 Hexes
 + Level 3.7 Charms
 + Level 3.7 Summonings
 + Level 3.7 Necromancy
 + Level 3.7 Translocations
 + Level 3.7 Transmutations
 + Level 3.7 Fire Magic
 + Level 4.3 Ice Magic
 + Level 4.3 Air Magic
 + Level 3.7 Earth Magic
 + Level 3.7 Poison Magic
 + Level 5.0 Invocations
 + Level 5.3 Evocations


You had 14 spell levels left.
You knew the following spells:

 Your Spells              Type           Power        Failure   Level  Hunger
a - Magic Dart            Conj           ###.         1%          1    None
b - Mephitic Cloud        Conj/Pois/Air  ###.....     6%          3    ##.....
c - Blink                 Tloc           N/A          4%          2    None
d - Slow                  Hex            ###.....     3%          2    None
e - Conjure Flame         Conj/Fire      ###.....     6%          3    ##.....

Your spell library contained the following spells:

 Spells                   Type           Power        Failure   Level  Hunger
 Call Imp                 Summ           ###.....     4%          2    None


Dungeon Overview and Level Annotations

Branches:
Dungeon (7/15)             Temple (0/1) D:5

Altars:
Ashenzari
Cheibriados
Gozag
Hepliaklqana
Wu Jian

Shops:
D:5 !


Innate Abilities, Weirdness & Mutations

Your experience applies equally to all skills.
You have very sharp teeth.
Your uncanny sense of smell can sniff out nearby items.
Your life essence is reduced to manifest your ancestor. (-10% HP)


Message History

The gargoyle is almost destroyed.
You hit the gargoyle.
You destroy the gargoyle!
Your Invocations skill increases to level 5!
There is an open door here.
You see here 20 stones.
There is an open door here.
You open the door.
A gargoyle comes into view. It is wielding a +0 mace.
The gargoyle hurls a stone arrow at you.
The stone arrow hits you!!
Found a throwing net.
The gargoyle hurls a stone arrow at you.
The stone arrow misses you.
The gargoyle hurls a stone arrow at you.
The stone arrow hits you!!
* * * LOW HITPOINT WARNING * * *
The gargoyle hurls a stone arrow at you.
The stone arrow hits you!
You die...

............#..
.#######...#.. ## ## ..
####...#..
###8###8###.##......#..
#.##'.'##8#..#.##...#..
###'.....'###.#'##...#..
#8#.......#8#........#..
#'..................#..
#.)..8@.)...........###
##'...........####......
#(#.......#8#.# ......
###9.....+###... ......
#(##+.+## ............
## ∆###∆ .#.......### .
....... # ...... # #


You could see a gargoyle.

Vanquished Creatures
  Pikel (D:6)
  A gargoyle (D:7)
  A water moccasin (D:7)
  A phantom (D:5)
  An ogre (D:5)
  A bullfrog (D:7)
  3 hounds
  A quasit (D:5)
  3 orc priests
  A jelly (D:6)
  A centaur zombie (D:5)
  An orc wizard (D:7)
  An iguana (D:4)
  A worker ant (D:6)
  A hound skeleton (D:7)
  3 gnolls (D:6)
  9 adders
  An ufetubus (D:5)
  An ooze (D:2)
  2 dart slugs
  3 leopard geckos
  11 orcs
  5 bats
  2 giant cockroaches (D:1)
  12 goblins
  3 hobgoblins
  9 jackals
  7 kobolds
  3 quokkas
  2 ball pythons
  4 frilled lizards
  A jackal skeleton (D:4)
  A leopard gecko skeleton (D:4)
  7 rats
  A butterfly (D:5)
106 creatures vanquished.

Vanquished Creatures (collateral kills)
  A gargoyle (D:7)
  A sky beast (D:7)
  A slave (D:6)
  A centaur (D:7)
  A bullfrog (D:7)
  A scorpion (D:5)
  A quasit (D:7)
  A hound (D:7)
  2 orc priests
  A bullfrog skeleton (D:5)
  3 worker ants
  An iguana (D:7)
  A howler monkey skeleton (D:5)
  A white imp (D:6)
  3 adder skeletons (D:4)
  A worm (D:5)
  A giant cockroach (D:7)
  A jackal (D:5)
  A quokka (D:5)
  A butterfly (D:5)
25 creatures vanquished.

Vanquished Creatures (others)
  A two-headed ogre (D:6)
  A battlemage (D:7)
  2 ancestors (D:6)
4 creatures vanquished.

Grand Total: 135 creatures vanquished

Notes
Turn   | Place    | Note
-------+----------+-------------------------------------------
     0 | D:1      | turbopower10k the Gnoll Wanderer began the quest for the
                  | Orb.
     0 | D:1      | turbopower10k set off with the following items: a +0
                  | dagger, a potion of lignification, a +0 robe, a ration; and
                  | the following spell memorised: Magic Dart; and the
                  | following spells available to memorise: Slow, Blink, Call
                  | Imp, Conjure Flame, Mephitic Cloud
     0 | D:1      | Reached XP level 1. HP: 13/13 MP: 8/8
   162 | D:1      | Reached XP level 2. HP: 15/19 MP: 6/10
   680 | D:1      | Reached XP level 3. HP: 25/25 MP: 8/11
   864 | D:1      | Learned a level 3 spell: Mephitic Cloud
  1091 | D:2      | Reached skill level 1 in Invocations
  1415 | D:2      | Reached skill level 1 in Fighting
  1415 | D:2      | Reached skill level 1 in Short Blades
  1415 | D:2      | Reached skill level 1 in Long Blades
  1415 | D:2      | Reached skill level 1 in Axes
  1415 | D:2      | Reached skill level 1 in Maces & Flails
  1415 | D:2      | Reached skill level 1 in Polearms
  1415 | D:2      | Reached skill level 1 in Staves
  1415 | D:2      | Reached skill level 1 in Slings
  1415 | D:2      | Reached skill level 1 in Bows
  1415 | D:2      | Reached skill level 1 in Crossbows
  1415 | D:2      | Reached skill level 1 in Throwing
  1415 | D:2      | Reached skill level 1 in Armour
  1415 | D:2      | Reached skill level 1 in Dodging
  1415 | D:2      | Reached skill level 1 in Shields
  1415 | D:2      | Reached skill level 1 in Unarmed Combat
  1418 | D:2      | Reached XP level 4. HP: 32/32 MP: 0/13
  1664 | D:2      | Found an ornate altar of the Wu Jian Council.
  2292 | D:2      | Reached skill level 1 in Charms
  2292 | D:2      | Reached skill level 1 in Summonings
  2292 | D:2      | Reached skill level 1 in Necromancy
  2292 | D:2      | Reached skill level 1 in Translocations
  2292 | D:2      | Reached skill level 1 in Transmutations
  2292 | D:2      | Reached skill level 1 in Fire Magic
  2292 | D:2      | Reached skill level 1 in Earth Magic
  2292 | D:2      | Reached skill level 1 in Poison Magic
  2292 | D:2      | Reached XP level 5. HP: 7/37 MP: 11/14
  3287 | D:3      | Reached XP level 6. HP: 44/44 MP: 11/16
  3957 | D:4      | Learned a level 2 spell: Blink
  3996 | D:4      | Found an opulent altar of Gozag.
  4062 | D:4      | Found a hazy altar of Hepliaklqana.
  4073 | D:4      | Became a worshipper of Hepliaklqana the Forgotten
  4544 | D:4      | You fall into a shaft and drop 1 floor!
  4544 | D:5      | Entered Level 5 of the Dungeon
  4784 | D:5      | Reached * piety under Hepliaklqana
  4956 | D:5      | Noticed a phantom
  4972 | D:5      | Killed a phantom
  4972 | D:5      | Reached XP level 7. HP: 39/45 MP: 12/18
  5109 | D:5      | Found Dasi's Distillery.
  5113 | D:5      | Bought a potion of heal wounds for 55 gold pieces
  5113 | D:5      | Bought a potion of curing for 33 gold pieces
  5113 | D:5      | Bought a potion of curing for 33 gold pieces
  5113 | D:5      | Bought a potion of curing for 33 gold pieces
  5142 | D:5      | Found a shattered altar of Ashenzari.
  5581 | D:5      | Found a staircase to the Ecumenical Temple.
  5663 | D:5      | Found a shattered altar of Ashenzari.
  6141 | D:6      | Noticed a two-headed ogre
  6185 | D:6      | Noticed Pikel
  6203 | D:6      | Killed Pikel
  6203 | D:6      | Reached XP level 8. HP: 9/52 MP: 17/19
  6206 | D:6      | Killed a two-headed ogre
  6206 | D:6      | Reached skill level 8 in Spellcasting
  6206 | D:6      | Reached skill level 5 in Conjurations
  6206 | D:6      | Reached XP level 9. HP: 13/58 MP: 17/21
  6484 | D:6      | Found a snail-covered altar of Cheibriados.
  6664 | D:6      | Reached ** piety under Hepliaklqana
  6665 | D:6      | Remembered your ancestor Appia as a battlemage
  7174 | D:7      | Learned a level 2 spell: Slow
  7429 | D:7      | Reached skill level 5 in Evocations
  7722 | D:7      | Noticed a gargoyle
  7734 | D:7      | Killed a gargoyle
  7734 | D:7      | Reached skill level 5 in Stealth
  7739 | D:7      | Learned a level 3 spell: Conjure Flame
  7773 | D:7      | Noticed a gargoyle
  7779 | D:7      | Killed a gargoyle
  7779 | D:7      | Reached skill level 5 in Invocations
  7797 | D:7      | Noticed a gargoyle
  7801 | D:7      | Killed from afar by a gargoyle

Illustrated notes

Levels and vault maps discovered:
D:1:      minmay_arrival_four_circles, layout_basic, st_stairs_12
D:2:      layout_rooms, lemuel_coloured_pillars_altar
D:3:      layout_basic, minmay_misc_feat_cross
D:4:      layout_gridville, lemuel_crystal_altar, nicolae_gozag_seed_capital,
          first_ration
D:5:      layout_cave_pods, ashenzari_altar_1, minmay_temple_entry_butterflies,
          basic_altar, serial_shops, kennysheep_mini
D:6:      layout_basic, kennysheep_mini_moat, serial_rivers,
          chequers_serial_rivers_micro_b, chequers_serial_rivers_large_a,
          chequers_serial_rivers_marsh, chequers_serial_rivers_micro_e,
          chequers_serial_rivers_room_a, chequers_serial_rivers_small_b,
          kennysheep_diamond, uniq_pikel
D:7:      cheibrodos_statue_roulette, layout_basic,
          nicolae_overflow_crystal_walls, uniq_harold, uniq_duvessa

Skill      XL: |  1  2  3  4  5  6  7  8  9 |
---------------+----------------------------+-----
Hexes          | 2 3 4 |  4.3
Ice Magic      | 2 3 4 |  4.3
Air Magic      | 2 3 4 |  4.3
Invocations    | 1 2 3 4 5 |  5.0
Fighting       | 1 2 3 4 |  4.5
Short Blades   | 1 2 3 4 |  4.5
Long Blades    | 1 2 3 4 |  4.5
Axes           | 1 2 3 4 |  4.5
Maces & Flails | 1 2 3 4 |  4.5
Polearms       | 1 2 3 4 |  4.5
Staves         | 1 2 3 4 |  4.5
Slings         | 1 2 3 4 |  4.5
Bows           | 1 2 3 4 |  4.5
Crossbows      | 1 2 3 4 |  4.5
Throwing       | 1 2 3 4 |  4.5
Armour         | 1 2 3 4 |  4.5
Dodging        | 1 2 3 4 |  4.5
Shields        | 1 2 3 4 |  4.5
Unarmed Combat | 1 2 3 4 |  4.5
Charms         | 1 2 3 |  3.7
Summonings     | 1 2 3 |  3.7
Necromancy     | 1 2 3 |  3.7
Translocations | 1 2 3 |  3.7
Transmutations | 1 2 3 |  3.7
Fire Magic     | 1 2 3 |  3.7
Earth Magic    | 1 2 3 |  3.7
Poison Magic   | 1 2 3 |  3.7
Conjurations   | 4 5 |  5.4
Evocations     | 3 4 5 |  5.3
Stealth        | 3 4 5 |  5.2
Spellcasting   | 8 |  8.5

Action                   |  1- 3 |  4- 6 |  7- 9 || total
-------------------------+-------+-------+-------++-------
Melee: Dagger            |     9 |       |       ||     9
       Bite              |     1 |     4 |     6 ||    11
       Spear             |     7 |       |       ||     7
       Short sword       |     1 |    30 |    71 ||   102
       Punch             |       |       |     3 ||     3
Throw: Boomerang         |       |    23 |    13 ||    36
 Cast: Magic Dart        |    93 |    94 |    80 ||   267
       Mephitic Cloud    |       |       |     3 ||     3
       Slow              |       |       |     2 ||     2
       Blink             |       |       |     2 ||     2
Invok: Ancestor Identity |       |     1 |     1 ||     2
       Recall Ancestor   |       |     1 |       ||     1
       Ancestor Life: Ba |       |       |     1 ||     1
 Abil: Evoke Flight      |       |       |     1 ||     1
  Use: Scroll            |       |     6 |       ||     6
 Stab: Sleeping          |     1 |       |     1 ||     2
       Confused          |       |       |     1 ||     1
  Eat: Chunk             |     1 |     8 |     2 ||    11
       Ration            |       |     1 |     2 ||     3
Armor: Robe              |     9 |       |       ||     9
       Leather armour    |     9 |     4 |    24 ||    37
Dodge: Dodged            |    40 |    26 |    75 ||   141

Table legend:
 A = Non-vault XP
 B = Vault XP
 C = Vault XP percentage of total XP
 D = Non-vault monster count
 E = Vault monster count
 F = Vault count percentage of total count
                 A         B        C        D         E       F
            +---------+---------+-------+---------+---------+-------
      Total |    2809 |    1435 |  33.8 |     124 |       5 |   3.9
            +---------+---------+-------+---------+---------+-------
        D:1 |      41 |       2 |   4.7 |      23 |       1 |   4.2
        D:2 |     140 |       0 |   0.0 |      17 |       0 |   0.0
        D:3 |     166 |       0 |   0.0 |      25 |       0 |   0.0
        D:4 |     112 |       0 |   0.0 |       9 |       0 |   0.0
        D:5 |     584 |       0 |   0.0 |      24 |       0 |   0.0
        D:6 |     850 |     630 |  42.6 |       9 |       2 |  18.2
        D:7 |     916 |     803 |  46.7 |      17 |       2 |  10.5
            +---------+---------+-------+---------+---------+-------
